 Dungeon Crawl Stone Soup version 0.29-a0-925-g0a7a3d12f8 (webtiles) character file.

Game seed: 3635653633192720696

17873 quixfox the Geomancer (level 12, -8/72 HPs)
             Began as a Gargoyle Earth Elementalist on July 28, 2022.
             Was a High Priest of Vehumet.
             Hit by a javelin thrown by a minotaur (24 damage)
             ... in a Gauntlet on July 29, 2022.
             The game lasted 00:35:11 (10164 turns).

quixfox the Geomancer (GrEE)                       Turns: 10164, Time: 00:35:12

Health: -8/72      AC: 19    Str: 12    XL:     12   Next: 52%
Magic:  16/32      EV: 18    Int: 24    God:    Vehumet [*****.]
Gold:   793        SH:  6    Dex: 17    Spells: 19/26 levels left

rFire   + . .      SeeInvis .   a - +11 hand axe of Omuwef Fykab {spect, Dex+5}
rCold   . . .      Faith    .   n - +0 buckler
rNeg    + . .      Spirit   .   w - +2 robe
rPois   ∞          Reflect  .   K - +0 hat "Bukk" {rF+ Will+ Int+3}
rElec   +          Harm     .   I - +2 cloak {rPois}
rCorr   .          Rampage  .   k - +0 pair of gloves of Fopa {Will+ Dex+2}
Will    ++...      NoTele   +   A - +1 pair of boots
Stlth   ++........              j - amulet of regeneration
HPRegen 1.02/turn               u - +4 ring of evasion
MPRegen 0.23/turn               x - ring of magical power

@: hasted, very quick
A: sickness immunity, AC +8, negative energy resistance 1, electricity
resistance, torment resistance 1, petrification resistance
a: Renounce Religion


You were in a Gauntlet.
You worshipped Vehumet.
Vehumet was extremely pleased with you.
You visited 1 branch of the dungeon, and saw 11 of its levels.
You also visited: Sewer, Bailey and Gauntlet.

You collected 793 gold pieces.

Inventory:

Hand Weapons
 a - the +11 hand axe of Omuwef Fykab (weapon) {spect, Dex+5}
   (You found it on level 3 of the Dungeon)

   When its wielder attacks, the weapon's spirit leaps out and strikes again.
   The spirit shares a part of any damage it takes with its wielder.
   Dex:       It affects your dexterity (+5).
 b - the +0 staff of Battle
   (You acquired it in a bailey)

   It enhances your conjuration magic.
   It summons a battlesphere in combat, with strength depending on Conjurations
   skill.
   Its strikes trigger the battlesphere's blasts.
Armour
 k - the +0 pair of gloves of Fopa (worn) {Will+ Dex+2}
   (You acquired it in a bailey)

   Dex:       It affects your dexterity (+2).
   Will:      It increases your willpower.
 n - a +0 buckler (worn)
 v - a +1 helmet
 w - a +2 robe (worn)
 A - a +1 pair of boots (worn)
 I - a +2 cloak of poison resistance (worn)
 K - the +0 hat "Bukk" (worn) {rF+ Will+ Int+3}
   (You found it in a Gauntlet)

   Int:       It affects your intelligence (+3).
   rF:        It protects you from fire.
   Will:      It increases your willpower.
Jewellery
 e - a ring of ice
 j - an amulet of regeneration (around neck)
 s - a +4 ring of evasion
 t - a ring of willpower
 u - a +4 ring of evasion (left hand)
 x - a ring of magical power (right hand)
 z - a +6 ring of dexterity
 J - a ring of see invisible
Wands
 g - a wand of flame (3)
 o - a wand of quicksilver (4)
Scrolls
 d - 3 scrolls of vulnerability
 f - 6 scrolls of poison
 p - a scroll of enchant weapon
 y - a scroll of identify
 D - a scroll of amnesia
 H - a scroll of enchant armour
Potions
 c - a potion of brilliance
 h - 4 potions of mutation
 i - 3 potions of flight
 l - a potion of attraction
 m - 2 potions of might
 q - 2 potions of resistance
 B - 5 potions of magic
 C - 2 potions of haste
 E - 4 potions of curing
 G - a potion of berserk rage
Miscellaneous
 F - a box of beasts


   Skills:
 + Level 7.5 Fighting
 - Level 5.3 Axes
 - Level 2.1 Armour
 + Level 5.6 Dodging
 - Level 2.1 Stealth
 - Level 5.0 Shields
 + Level 7.7 Spellcasting
 + Level 8.6 Conjurations
 - Level 0.7 Transmutations
 + Level 6.8 Fire Magic
 + Level 10.4 Earth Magic
 + Level 3.6 Evocations


You had 19 spell levels left.
You knew the following spells:

 Your Spells              Type           Power      Damage    Failure   Level
a - Sandblast             Erth           100%       2d20      1%          1
b - Passwall              Tmut/Erth      30%        N/A       1%          2
c - Stone Arrow           Conj/Erth      100%       3d13      1%          3
d - Foxfire               Conj/Fire      100%       2x1d9     1%          1

Your spell library contained the following spells:

 Spells                   Type           Power      Damage    Failure   Level
 Flame Wave               Conj/Fire      46%        2d12      1%          4
 Frozen Ramparts          Ice            18%        1d3       7%          3
 Necrotise                Necr           36%        1d5       9%          1
 Petrify                  Tmut/Erth      36%        N/A       9%          4
 Lightning Bolt           Conj/Air       14%        1d28      11%         5
 Airstrike                Air            4%         0-3+      21%         4
 Gell's Gravitas          Tloc           9%         N/A       26%         3
 Lesser Beckoning         Tloc           9%         N/A       26%         3
 Teleport Other           Tloc           9%         N/A       26%         3
 Vampiric Draining        Necr           9%         2d6       26%         3
 Ice Form                 Ice/Tmut       11%        N/A       58%         4
 Summon Ice Beast         Ice/Summ       9%         N/A       63%         4
 Summon Lightning Spire   Summ/Air       9%         N/A       63%         4
 Agony                    Necr           9%         N/A       93%         5
 Summon Forest            Summ/Tloc      4%         N/A       93%         5
 Eringya's Noxious Bog    Tmut/Pois      5%         N/A       93%         6
 Summon Hydra             Summ           4%         N/A       100%        7


Dungeon Overview and Level Annotations

Branches:
Dungeon (11/15)            Temple (0/1) D:4             Orc (0/2) D:10
  Sewer (visited)          Bailey (visited)         Gauntlet (1/1)
   Lair: D:8-11

Altars:
Ashenzari
Dithmenos
Elyvilon
Makhleb
Qazlal
Uskayaw
Vehumet
The Shining One

Shops:
D:1 !*!=   D:2 :   D:4 (

Annotations:
D:3 2 runed translucent doors, bchevrier's ghost, amateur GnWn Gauntlet 6 transporters, 5 runed translucent doors


Innate Abilities, Weirdness & Mutations

You are immune to sickness and miasma.
Your stone body is resilient. (AC +8)
You are immune to poison.
You resist negative energy. (rN+)
You are resistant to electric shocks. (rElec)
You are resistant to unholy torment.
You are immune to petrification.


Message History

Your +11 hand axe of Omuwef Fykab {spect, Dex+5} hits the minotaur!
The minotaur hits your +11 hand axe of Omuwef Fykab {spect, Dex+5} with a +2 broad axe of draining!!
Your spectral weapon shares its damage with you!
The minotaur hits you with a +2 broad axe of draining.
The minotaur closely misses your +11 hand axe of Omuwef Fykab {spect, Dex+5}.
The minotaur blocks your attack.
You catch the helpless minotaur completely off-guard!
You hit the minotaur but do no damage.
The minotaur is heavily wounded.
Your +11 hand axe of Omuwef Fykab {spect, Dex+5} hits the minotaur.
The minotaur hits you with a +2 broad axe of draining!!
* * * LOW HITPOINT WARNING * * *
The minotaur hits your +11 hand axe of Omuwef Fykab {spect, Dex+5} with a +2 broad axe of draining!
Your +11 hand axe of Omuwef Fykab {spect, Dex+5} fades away.
The minotaur closely misses you.
You feel much better. The minotaur barely misses you.
The minotaur gores you but does no damage.
You hit the minotaur but do no damage.
The minotaur is heavily wounded.
The minotaur blocks your +11 hand axe of Omuwef Fykab {spect, Dex+5}'s attack.
The minotaur completely misses you.
The minotaur hits your +11 hand axe of Omuwef Fykab {spect, Dex+5} with a +2 broad axe of draining!!
Your spectral weapon shares its damage with you!
Your +11 hand axe of Omuwef Fykab {spect, Dex+5} fades away.
* * * LOW HITPOINT WARNING * * *
The minotaur gores you!
* * * LOW HITPOINT WARNING * * *
The minotaur misses you. The minotaur closely misses you.
You feel much better. You block the minotaur's attack. The minotaur gores you.
You feel yourself speed up.
The minotaur hits you with a +2 broad axe of draining!
* * * LOW HITPOINT WARNING * * *
The minotaur gores you!
* * * LOW HITPOINT WARNING * * *
You feel better.
The minotaur throws a javelin.
The javelin pierces through you.
* * * LOW HITPOINT WARNING * * *
The white imp shouts!
You hear a shout!
The minotaur throws a javelin.
The javelin pierces through you!!
You die...

©.©#.#.©≈#©#.###.8.#.######
.8.#.#..≈#5#..##...#.#..H.####
...#.#+###5#...#.8.#.#.##....#
.8.#.55p.5p#.∩.#H..#.#.#####.#
...#########...#.©.#.#H# #H#
.8.....#.....8.#.....#...∩.#.#
...#########...#.©.#.###⌠.⌠#.#
.8.#...†...#.∩.#...#...#####.#
...#..##...#...#@8.#.#.##..H.#
.8.##.*##..#..##...#.#....####
©.©###^©##©#.###.8.#.######
####s##..###.≈##...#..
...#..##.†##.≈≈#.8.###
.8.#.......#.≈##...#
...#########.#######
.............≈#
≈≈≈#≈≈≈#≈≈≈#≈≈≈#


You could see a minotaur, a wizard, 2 white imps and a shadow imp.

Vanquished Creatures
  2 hydras
  A boulder beetle (D:11)
  2 two-headed ogres
  A death scarab (Gauntlet)
  An orc high priest (Bailey)
  A spectral hydra (Gauntlet)
  Pikel (D:8)
  2 orc knights (Bailey)
  A cyclops (D:11)
  A moth of wrath (Gauntlet)
  Maurice (D:8)
  Psyche (D:10)
  4 kobold demonologists
  4 hornets
  A shadow (D:9)
  A wyvern (D:9)
  2 wraiths
  12 yaks
  3 redbacks (Gauntlet)
  2 water moccasins (D:7)
  An acid dragon (D:8)
  A sky beast (D:7)
  2 black bears
  18 orc warriors
  2 ice beasts (D:6)
  An ogre (D:6)
  2 centaurs
  4 kobold brigands
  2 phantoms
  A necrophage (D:8)
  Blork the orc (D:4)
  A bullfrog (D:7)
  5 scorpions
  10 wights
  12 killer bees
  4 electric eels (Bailey)
  3 howler monkeys
  4 orc priests
  2 hounds
  2 jellies (Sewer)
  Terence (D:2)
  Jessica (D:2)
  5 iguanas
  14 orc wizards
  10 adders
  5 gnolls (Bailey)
  4 river rats (Sewer)
  3 worms
  2 dart slugs
  63 orcs
  4 endoplasms
  4 giant cockroaches
  18 goblins
  7 hobgoblins
  2 jackals (D:3)
  2 quokkas
  8 ball pythons
  3 bats
  6 frilled lizards
  14 kobolds
  7 rats
305 creatures vanquished.

Vanquished Creatures (others)
  A plant (D:6)
1 creature vanquished.

Grand Total: 306 creatures vanquished

Notes
Turn   | Place    | Note
-------+----------+-------------------------------------------
     0 | D:1      | quixfox the Gargoyle Earth Elementalist began the quest for
                  | the Orb.
     0 | D:1      | Reached XP level 1. HP: 10/10 MP: 3/3
   209 | D:1      | Found Gimmunti's General Store.
   219 | D:1      | Found Deliguca's Distillery.
   265 | D:1      | Found Heasa Bah's Distillery.
   424 | D:1      | Reached XP level 2. HP: 15/15 MP: 1/5
   467 | D:1      | Reached skill level 4 in Earth Magic
   744 | D:1      | Found Rasolob's Jewellery Shop.
   820 | D:2      | Found Nahisedd's Book Emporium.
   830 | D:2      | Found a glowing golden altar of the Shining One.
   858 | D:2      | Noticed Jessica
   861 | D:2      | Killed Jessica
   862 | D:2      | Reached XP level 3. HP: 19/19 MP: 5/7
   865 | D:2      | Learned a level 2 spell: Passwall
   869 | D:2      | Learned a level 3 spell: Stone Arrow
  1162 | D:2      | Noticed Terence
  1193 | D:2      | Killed Terence
  1194 | D:2      | Reached skill level 1 in Conjurations
  1194 | D:2      | Reached XP level 4. HP: 5/24 MP: 5/8
  1460 | D:3      | Identified the +11 hand axe of Omuwef Fykab {spect, Dex+5}
  1561 | D:3      | Reached skill level 5 in Earth Magic
  1753 | D:3      | Found a radiant altar of Vehumet.
  1754 | D:3      | Noticed a scorpion
  1759 | D:3      | Killed a scorpion
  1760 | D:3      | Reached XP level 5. HP: 26/28 MP: 5/10
  1765 | D:3      | Became a worshipper of Vehumet
  1919 | D:3      | Found a white marble altar of Elyvilon.
  1994 | D:3      | Found a large runed translucent door.
  1994 | D:3      | Found a large runed translucent door.
  2000 | D:3      | Noticed bchevrier's ghost (amateur GnWn)
  2499 | D:4      | Found a burning altar of Makhleb.
  2559 | D:4      | Found Vaqigh's Weapon Shop.
  2630 | D:4      | Reached XP level 6. HP: 32/32 MP: 9/11
  2732 | D:4      | Found a staircase to the Ecumenical Temple.
  2871 | D:4      | Noticed Blork the orc
  3008 | D:4      | Killed Blork the orc
  3009 | D:4      | Reached skill level 6 in Earth Magic
  3123 | D:5      | Entered Level 5 of the Dungeon
  3163 | D:5      | Found a glowing drain.
  3167 | Sewer    | Entered a sewer
  3398 | Sewer    | Reached XP level 7. HP: 24/36 MP: 8/13
  3438 | Sewer    | Found a viscous altar of Jiyva.
  3442 | Sewer    | Reached * piety under Vehumet
  3442 | Sewer    | Offered knowledge of Foxfire by Vehumet.
  3445 | Sewer    | Learned a level 1 spell: Foxfire
  3836 | D:5      | Reached skill level 1 in Fighting
  3836 | D:5      | Reached skill level 1 in Armour
  3836 | D:5      | Reached skill level 1 in Fire Magic
  4173 | D:5      | Reached skill level 1 in Axes
  4180 | D:5      | Reached XP level 8. HP: 43/43 MP: 13/15
  4390 | D:6      | Reached skill level 7 in Earth Magic
  4478 | D:6      | Reached skill level 5 in Spellcasting
  4524 | D:6      | Found a stormy altar of Qazlal.
  4617 | D:6      | Found a shadowy altar of Dithmenos.
  4872 | D:6      | Noticed a hornet
  4877 | D:6      | Reached skill level 5 in Conjurations
  4880 | D:6      | Killed a hornet
  4881 | D:6      | Reached skill level 1 in Shields
  4881 | D:6      | Reached XP level 9. HP: 50/50 MP: 14/16
  5178 | D:7      | Offered knowledge of Scorch by Vehumet.
  5198 | D:7      | Reached ** piety under Vehumet
  5688 | D:7      | Reached skill level 8 in Earth Magic
  5812 | D:8      | Reached XP level 10. HP: 58/58 MP: 18/18
  5818 | D:8      | Offered knowledge of Conjure Flame by Vehumet.
  5943 | D:8      | Found a broken altar of Ashenzari.
  5944 | D:8      | Noticed Pikel
  5966 | D:8      | Killed Pikel
  5985 | D:8      | Noticed Maurice
  5987 | D:8      | Reached *** piety under Vehumet
  6029 | D:8      | Killed Maurice
  6054 | D:8      | Reached skill level 5 in Fighting
  6350 | D:8      | Offered knowledge of Hailstorm by Vehumet.
  6560 | D:9      | Found a hide-covered altar of Uskayaw.
  6631 | D:9      | Found a flagged portal.
  6647 | Bailey   | Entered a bailey
  6816 | Bailey   | Noticed an orc knight
  6826 | Bailey   | Noticed a kobold demonologist
  6831 | Bailey   | Killed an orc knight
  6835 | Bailey   | Killed a kobold demonologist
  6846 | Bailey   | Reached skill level 9 in Earth Magic
  6855 | Bailey   | Reached skill level 5 in Fire Magic
  6887 | Bailey   | Reached **** piety under Vehumet
  6941 | Bailey   | Reached XP level 11. HP: 64/64 MP: 20/20
  7002 | Bailey   | Acquired the +0 pair of gloves of Fopa {Will+ Dex+2}
  7138 | Bailey   | Offered knowledge of Mephitic Cloud by Vehumet.
  7158 | Bailey   | Noticed an orc knight
  7166 | Bailey   | Killed an orc knight
  7167 | Bailey   | Reached skill level 5 in Shields
  7224 | Bailey   | Found an iron altar of Okawaru.
  7224 | Bailey   | Noticed an orc high priest
  7275 | Bailey   | Killed an orc high priest
  7292 | Bailey   | Identified the +2 scale mail of Hyiropha {Slay+3}
  7323 | Bailey   | Acquired the +0 staff of Battle
  7323 | Bailey   | Found the +0 staff of Battle
  7342 | Bailey   | Identified the +5 quarterstaff "Pivair" {pain, Str+3}
  7704 | D:9      | Reached skill level 1 in Evocations
  7872 | D:9      | Reached skill level 5 in Axes
  8224 | D:9      | Reached ***** piety under Vehumet
  8512 | D:9      | Noticed a two-headed ogre
  8516 | D:9      | Killed a two-headed ogre
  8516 | D:9      | Offered knowledge of Flame Wave by Vehumet.
  8614 | D:10     | Entered Level 10 of the Dungeon
  8652 | D:10     | Noticed a seven-headed hydra
  8655 | D:10     | Killed a seven-headed hydra
  8755 | D:10     | Noticed Psyche
  8758 | D:10     | Killed Psyche
  8759 | D:10     | Reached skill level 5 in Dodging
  9161 | D:10     | Found a staircase to the Orcish Mines.
  9213 | D:10     | Reached XP level 12. HP: 71/71 MP: 23/23
  9217 | D:10     | Reached skill level 10 in Earth Magic
  9476 | D:10     | Noticed a two-headed ogre
  9481 | D:10     | Killed a two-headed ogre
  9649 | D:11     | Noticed a four-headed hydra
  9654 | D:11     | Killed a four-headed hydra
  9680 | D:11     | Noticed a boulder beetle
  9688 | D:11     | Killed a boulder beetle
  9747 | D:11     | Found a gate leading to a gauntlet.
  9756 | Gauntlet | Entered a Gauntlet
  9756 | Gauntlet | Noticed a death scarab
  9756 | Gauntlet | Found a transporter.
  9756 | Gauntlet | Found a transporter.
  9758 | Gauntlet | Found a transporter.
  9758 | Gauntlet | Found a transporter.
  9759 | Gauntlet | Noticed a soul eater
  9762 | Gauntlet | Found a transporter.
  9762 | Gauntlet | Found a transporter.
  9792 | Gauntlet | Found a runed translucent gate.
  9794 | Gauntlet | Found a transporter.
  9795 | Gauntlet | Found a runed translucent gate.
  9796 | Gauntlet | Found a runed translucent gate.
  9798 | Gauntlet | Found a transporter.
  9802 | Gauntlet | Found a runed translucent door.
  9802 | Gauntlet | Found a runed translucent door.
  9810 | Gauntlet | Found a transporter.
  9826 | Gauntlet | Found a transporter.
  9840 | Gauntlet | Found a transporter.
  9844 | Gauntlet | Found a transporter.
  9959 | Gauntlet | Killed a death scarab
 10018 | Gauntlet | Noticed a two-headed ogre
 10018 | Gauntlet | a slime creature changed into a two-headed ogre
 10067 | Gauntlet | Identified the +0 hat "Bukk" {rF+ Will+ Int+3}
 10109 | Gauntlet | Identified the +5 acid dragon scales of Defence {Harm
                  | Rampage Regen+ rCorr Int-4}
 10109 | Gauntlet | Noticed a minotaur
 10149 | Gauntlet | HP: 3/72 [minotaur/+2 broad axe of draining (16)]
 10164 | Gauntlet | Hit by a javelin thrown by a minotaur

Illustrated notes

Levels and vault maps discovered:
D:1:      mrwooster_arrival_statue, layout_basic, serial_shops, shop,
          nicolae_diamond_shop, nicolae_shop_hallway_plus, shop
D:2:      layout_rooms, basic_altar, serial_shops, nicolae_shop_hallway_stairs,
          uniq_jessica, uniq_terence
D:3:      minmay_skewed_foursquare, layout_loops_ring, elyvilon_altar_3,
          mainiacjoe_overflow_cross_hatched, ebering_ghost_disaster_area,
          minivault_23
D:4:      layout_rooms, lemuel_crystal_altar, minmay_temple_entry_slanted,
          serial_shops, nicolae_shop_bloodbath_and_beyond, grunt_ministairs_3,
          uniq_blork_the_orc
D:5:      nicolae_cairo_tiling, layout_cave_pools, gup_sewer_entry_bowl
D:6:      layout_loops_ring, mainiacjoe_overflow_catch_the_wave
D:7:      layout_gridville
D:8:      layout_rooms, cheibrodos_ashenzari_chains, supply_closet_lemuel,
          nicolae_benzene_ring, uniq_pikel, uniq_maurice
D:9:      layout_stronghold, mainiacjoe_overflow_catwalk, enter_bailey_3
D:10:     layout_long_grid, hiddenorc1_lemuel, uniq_psyche
D:11:     argonaut_augean_stables, layout_basic, erik_lair_orcish_takeover,
          gauntlet_entry_generic, lemuel_nasty_fountain
Gauntlet: minmay_gauntlet_77_indecision [minmay_gauntlet_arena_77_broken_ladder,
          minmay_gauntlet_arena_77_braids, minmay_gauntlet_arena_77_run_for_it,
          minmay_gauntlet_arena_77_mirror, minmay_gauntlet_arena_77_shame_cube,
          minmay_gauntlet_arena_77_two_lines, dreamdust_gauntlet_exit_labyrinth]

Skill      XL: |  1  2  3  4  5  6  7  8  9 10 11 12 |
---------------+-------------------------------------+-----
Earth Magic    | 4 5 6 7 8 9 10 | 10.4
Spellcasting   | 3 4 5 6 7 |  7.7
Conjurations   | 1 2 3 4 5 6 8 |  8.6
Fighting       | 1 3 4 5 6 7 |  7.5
Armour         | 1 2 |  2.1
Fire Magic     | 1 2 4 5 6 |  6.8
Axes           | 1 2 3 4 5 |  5.3
Dodging        | 2 3 4 5 |  5.6
Shields        | 1 3 4 5 |  5.0
Evocations     | 2 3 |  3.6
Stealth        | |  2.1
Transmutations | |  0.7

Action                   |  1- 3 |  4- 6 |  7- 9 | 10-12 || total
-------------------------+-------+-------+-------+-------++-------
Melee: Dagger            |     5 |       |       |       ||     5
       Hand axe          |       |     7 |    53 |   117 ||   177
       Punch             |       |     1 |     3 |       ||     4
       Staff             |       |       |       |     1 ||     1
 Cast: Sandblast         |    30 |    91 |    79 |    60 ||   260
       Stone Arrow       |       |       |       |   109 ||   109
Evoke: Wand              |       |       |     3 |       ||     3
  Use: Scroll            |     3 |     4 |     9 |     6 ||    22
       Potion            |     1 |     1 |       |     7 ||     9
 Stab: Distracted        |       |       |     1 |     4 ||     5
Armor: Robe              |     1 |    14 |    30 |    25 ||    70
Dodge: Dodged            |    15 |    46 |    85 |   116 ||   262
Block: Buckler           |       |       |       |    19 ||    19

Table legend: (Time is in decaauts)
 A = Elapsed time spent in this place.
 B = Non-inter-level travel time spent in this place.
 C = Inter-level travel time spent in this place.
 D = Time resting spent in this place.
 E = Time spent auto-exploring this place.
 F = Levels seen in this place.
 G = Mean time per level.
                   A        B        C        D        E       F      G
               +--------+--------+--------+--------+--------+-----+--------+
         Total |  10483 |  10225 |    258 |    666 |   6808 |  14 |  748.8 |
       Dungeon |   8711 |   8453 |    258 |    393 |   6360 |  11 |  791.9 |
         Sewer |    494 |    494 |      0 |     35 |    322 |   1 |  494.0 |
        Bailey |    873 |    873 |      0 |    212 |    125 |   1 |  873.0 |
      Gauntlet |    403 |    403 |      0 |     26 |      0 |   1 |  403.0 |
               +--------+--------+--------+--------+--------+-----+--------+

Top non-repeatable levels by time:
     D:9: 1255 daAuts
     D:3: 1105 daAuts
    D:10: 996 daAuts
  Bailey: 873 daAuts
     D:5: 865 daAuts
     D:1: 836 daAuts
     D:8: 781 daAuts
     D:6: 753 daAuts
     D:7: 718 daAuts
     D:4: 660 daAuts
     D:2: 593 daAuts
   Sewer: 494 daAuts
Gauntlet: 403 daAuts
    D:11: 144 daAuts
